AoeStats
← twitch.tv/Hippo_Run

Arabia

503296393Analyzed
1v1 RM · 1mo ago on Aug 31, 2026· 17m 18s· 2 players
Game mode
Random Map
Map size
Tiny (2 player)
Population
200
Speed
Normal
Resources
Standard
Victory
Conquest
Starting age
Dark Age
Ending age
Imperial Age
RankedLock teamsTeams togetherTeam positionsShared explorationLock speedFull tech treeHidden civsTurbo modeCheats
Victory
Defeat
🇨🇴 Malians · Colombia
1212
+15
🇺🇸 Huns · United States
1189
-15
twitch.tv/Hippo_Run
6:23 Loom
9:26 Feudal Age
10:05 Double-Bit Axe
15:27 Horse Collar
17:17 Fletching
ZIZKA
3:18 Loom
9:45 Feudal Age
10:11 Man-at-Arms
13:58 Fletching
14:11 Horse Collar
Connection lost

Rejoining the realm…

Still unreachable

The connection could not be restored.

Session expired

The server has moved on; the page needs a fresh start.